 Dungeon Crawl Stone Soup version 0.26.1-11-gd32895ea62 (webtiles) character file.

Game seed: 12031142487712291160

11109 Ijustatesigmund the Fighter (level 11, -1/76 (78) HPs)
             Began as an Octopode Fighter on July 1, 2021.
             Was a Priest of Cheibriados.
             Slain by a manticore (6 damage)
             ... on level 12 of the Dungeon.
             The game lasted 00:22:18 (14525 turns).

Ijustatesigmund the Fighter (Octopode Fighter)     Turns: 14525, Time: 00:22:19

HP:   -1/76 (78)    AC:  1    Str: 24    XL:     11   Next: 72%
MP:   15/15         EV: 22    Int: 20    God:    Cheibriados [***...]
Gold: 398           SH: 12    Dex: 21    Spells: 9/10 levels left

rFire    . . .     SeeInvis .   a - +3 war axe
rCold    . . .     Faith    .   b - +0 kite shield
rNeg     . . .     Spirit   .   (helmet restricted)
rPois    +         Reflect  .   i - amulet of the acrobat
rElec    .         Harm     .   d - +4 ring of evasion
rCorr    .         Rampage  .   g - ring of wizardry
Will     .....                  j - ring of poison resistance
Stlth    +++++.....             (no ring)
HPRegen  0.22/turn              (no ring)
MPRegen  0.14/turn              (no ring)
                                (no ring)
                                (no ring)

@: lightly drained, very slow
A: almost no armour, stealthy swim, amphibious, 8 rings, constrict 8, camouflage
1, gelatinous body 1
a: Renounce Religion, Bend Time, Temporal Distortion


You were on level 12 of the Dungeon.
You worshipped Cheibriados.
Cheibriados was most pleased with you.
You visited 2 branches of the dungeon, and saw 13 of its levels.
You also visited: Ossuary.

You collected 655 gold pieces.
You spent 257 gold pieces at shops.

Inventory:

Hand Weapons
 a - a +3 war axe (weapon)
 o - a +2 flail of protection
Armour
 b - a +0 kite shield (worn)
 f - the +3 hat of Pondering {ponderous, Will+ MP+10 Int+5}
   (You found it on level 4 of the Dungeon)

   It affects your intelligence (+5).
   It affects your willpower, your defense against some magical effects.
   It affects your magic capacity (+10).
Jewellery
 d - a +4 ring of evasion (left tentacle)
 g - a ring of wizardry (right tentacle)
 i - an amulet of the acrobat (around mantle)
 j - a ring of poison resistance (on tentacle)
Wands
 n - a wand of digging (6)
 w - a wand of paralysis (2)
Scrolls
 c - 6 scrolls of identify
 k - 3 scrolls of teleportation
 l - 3 scrolls of amnesia
 m - 3 scrolls of fog
 p - a scroll of blinking
 q - a scroll of holy word
 s - 4 scrolls of remove curse
 y - a scroll of magic mapping
Potions
 e - 2 potions of haste
 h - 3 potions of curing
 t - 2 potions of mutation
 u - a potion of attraction
 v - a potion of flight
Miscellaneous
 r - a phantom mirror


   Skills:
 + Level 8.7 Fighting
 + Level 8.6 Axes
 + Level 8.0 Dodging
 - Level 7.0 Stealth
 + Level 7.9 Shields
 + Level 3.5 Conjurations
 + Level 5.8 Invocations
 - Level 5.2 Evocations


You had 9 spell levels left.
You knew the following spells:

 Your Spells              Type           Power        Failure   Level
a - Magic Dart            Conj           56%          4%          1

Your spell library contained the following spells:

 Spells                   Type           Power        Failure   Level
 Searing Ray              Conj           28%          7%          2
 Animate Skeleton         Necr           0%           19%         1
 Pain                     Necr           0%           19%         1
 Dazzling Flash           Conj/Hex       14%          26%         3
 Confusing Touch          Hex            0%           45%         3
 Gell's Gravitas          Tloc           0%           45%         3
 Vampiric Draining        Necr           0%           45%         3
 Fulminant Prism          Conj/Hex       3%           63%         4
 Iskenderun's Mystic Bla  Conj/Tloc      7%           63%         4
 Animate Dead             Necr           0%           86%         4
 Petrify                  Tmut/Erth      0%           86%         4
 Agony                    Necr           0%           99%         5
 Metabolic Englaciation   Hex/Ice        0%           99%         5
 Yara's Violent Unravell  Hex/Tmut       0%           99%         5


Dungeon Overview and Level Annotations

Branches:
Dungeon (12/15)            Temple (1/1) D:7            Lair (0/6) D:11
Ossuary (visited)
    Orc: D:9-12

Altars:
Ashenzari
Cheibriados
Dithmenos
Elyvilon
Fedhas
Gozag
Hepliaklqana
Kikubaaqudgha
Makhleb
Nemelex Xobeh
Okawaru
Qazlal
Ru
Sif Muna
Trog
Uskayaw
Vehumet
Wu Jian
Xom
Yredelemnul
Zin
The Shining One

Shops:
D:2 *   D:6 *   D:9 ?


Innate Abilities, Weirdness & Mutations

You cannot wear most types of armour.
You are very stealthy in the water. (Stealth+)
You are amphibious.
You can wear up to eight rings at the same time.
You can use your tentacles to constrict eight enemies at once.
Your skin changes colour to match your surroundings (Stealth+).
Your rubbery body absorbs attacks. (AC +1, EV +1)


Message History

You start resting.
A manticore is nearby!
Aiming: Paralyse
Press: ? - help, Shift-Dir - straight line, f/p - manticore
Aim: a manticore (moderately wounded, wandering, hasn't noticed you, chance to affect: 44%)
The manticore resists with some effort.
You block the manticore's attack. The manticore completely misses you.
The manticore misses you.
Items here: )))) [[[[ †.
You closely miss the manticore. You squeeze the manticore.
The manticore is heavily wounded.
The manticore closely misses you. You block the manticore's attack.
The manticore claws you!
* * * LOW HITPOINT WARNING * * *
You hit the manticore but do no damage.
The manticore is heavily wounded.
The manticore bites you!
* * * LOW HITPOINT WARNING * * *
The manticore misses you. The manticore claws you.
You die...

....###
.......
......h####
.....zJH..#
.....zh##.#
J....zz
#.####
.....z.
#....#
.S.....
####.#
.......
#<@H.#
.......
######
..z.z^.


You could see a manticore.

Vanquished Creatures
  A boulder beetle (D:12)
  A death yak (D:9)
  2 skeletal warriors (D:11)
  An ugly thing (D:7)
  A slime creature (D:12)
  A cyclops (D:12)
  2 trolls
  A hornet (D:10)
  A polar bear (D:9)
  A wraith (D:11)
  Eustachio (D:4)
  A soldier ant (D:12)
  A water moccasin (D:6)
  2 black bears
  5 ice beasts
  4 orc warriors
  A hornet zombie (D:5)
  A phantom (D:6)
  2 necrophages
  2 wolves (D:9)
  6 ogres
  2 centaurs
  3 big kobolds
  7 bullfrogs
  A gnoll sergeant (D:8)
  A wyvern zombie (D:11)
  6 scorpions
  10 killer bees
  12 wights
  3 electric eels (D:7)
  4 howler monkeys
  A bullfrog zombie (D:8)
  A quasit (D:5)
  3 jellies
  5 centaur zombies
  3 orc priests
  A bullfrog skeleton (D:4)
  4 hounds
  8 orc wizards
  2 iguanas (D:5)
  7 worker ants
  6 big kobold zombies (Ossuary)
  A bullfrog simulacrum (D:9)
  3 mummies (Ossuary)
  A worker ant zombie (D:5)
  9 gnolls
  10 adders
  2 shadow imps
  3 white imps
  4 ufetubi
  2 oozes
  4 adder zombies
  An adder skeleton (D:9)
  5 worms
  4 dart slugs
  An adder simulacrum (D:9)
  8 leopard geckos
  44 orcs
  7 giant cockroaches
  5 goblins
  8 hobgoblins
  3 jackals (D:6)
  16 kobolds
  3 ball pythons
  9 bats
  5 frilled lizards
  3 hobgoblin zombies (Ossuary)
  A jackal skeleton (D:6)
  A leopard gecko skeleton (D:7)
  7 rats
298 creatures vanquished.

Vanquished Creatures (others)
  59 fungi (D:11)
  67 plants
126 creatures vanquished.

Grand Total: 424 creatures vanquished

Notes
Turn   | Place    | Note
-------+----------+-------------------------------------------
     0 | D:1      | Ijustatesigmund the Octopode Fighter began the quest for
                  | the Orb.
     0 | D:1      | Reached XP level 1. HP: 16/16 MP: 1/1
   456 | D:1      | Reached XP level 2. HP: 21/21 MP: 2/2
  1130 | D:2      | Reached XP level 3. HP: 26/26 MP: 3/3
  1544 | D:2      | Found a faded altar of an unknown god.
  1582 | D:2      | Reached XP level 4. HP: 21/31 MP: 4/4
  1791 | D:2      | Found Zin's Purification Station.
  1798 | D:2      | Found a glowing silver altar of Zin.
  2864 | D:3      | Reached XP level 5. HP: 33/37 MP: 5/5
  3165 | D:3      | Reached skill level 1 in Stealth
  3361 | D:3      | Found a sacrificial altar of Ru.
  3488 | D:4      | Noticed Eustachio
  3507 | D:4      | Killed Eustachio
  3508 | D:4      | Reached skill level 1 in Evocations
  3508 | D:4      | Reached XP level 6. HP: 43/43 MP: 6/6
  3604 | D:4      | Found the +3 hat of Pondering {ponderous, Will+ MP+10
                  | Int+5}
  3697 | D:4      | Found a sand-covered staircase.
  3702 | Ossuary  | Entered an ossuary
  3715 | Ossuary  | Reached XP level 7. HP: 49/49 MP: 7/7
  4129 | D:4      | Reached skill level 5 in Axes
  4542 | D:5      | Entered Level 5 of the Dungeon
  4553 | D:5      | Reached skill level 5 in Fighting
  4623 | D:5      | Reached XP level 8. HP: 35/55 MP: 8/8
  4996 | D:6      | Found Jijac's Assorted Antiques.
  5003 | D:6      | Reached skill level 5 in Stealth
  5008 | D:6      | Bought a scroll labelled HOYNUX BOAMN for 26 gold pieces
  5008 | D:6      | Bought a white potion for 23 gold pieces
  5008 | D:6      | Bought a scroll labelled VUAWAU DEUNYA for 26 gold pieces
  5008 | D:6      | Bought a potion of berserk rage for 130 gold pieces
  6737 | D:6      | Found a basalt altar of Yredelemnul.
  7038 | D:6      | Reached XP level 9. HP: 62/62 MP: 9/9
  7455 | D:7      | Found the +4 skin of Zhor {Englaciate rC+++ SInv}
  7859 | D:7      | Reached skill level 5 in Dodging
  7907 | D:7      | Noticed a white ugly thing
  7918 | D:7      | Killed a white ugly thing
  7919 | D:7      | Reached skill level 5 in Shields
  7919 | D:7      | Reached skill level 5 in Evocations
  8053 | D:7      | Found a staircase to the Ecumenical Temple.
  8085 | Temple   | Entered the Ecumenical Temple
  9660 | D:8      | Reached XP level 10. HP: 67/69 MP: 10/10
 10404 | D:8      | Found a snail-covered altar of Cheibriados.
 10477 | D:8      | Became a worshipper of Cheibriados the Contemplative
 10601 | D:9      | Noticed a death yak
 10793 | D:9      | Reached skill level 1 in Invocations
 10819 | D:9      | Reached * piety under Cheibriados
 10878 | D:9      | Killed a death yak
 11562 | D:9      | Reached ** piety under Cheibriados
 11745 | D:9      | Found Leskexos's Magic Scroll Boutique.
 11752 | D:9      | Bought a scroll of identify for 26 gold pieces
 11752 | D:9      | Bought a scroll of identify for 26 gold pieces
 11792 | D:9      | Found an ornate altar of the Wu Jian Council.
 11850 | D:9      | Learned a level 1 spell: Magic Dart
 11877 | D:10     | Entered Level 10 of the Dungeon
 12157 | D:10     | Reached skill level 1 in Conjurations
 12378 | D:10     | Reached XP level 11. HP: 43/77 MP: 14/14
 13091 | D:11     | Noticed a skeletal warrior
 13091 | D:11     | Noticed a skeletal warrior
 13091 | D:11     | Noticed a skeletal warrior
 13101 | D:11     | Killed a skeletal warrior
 13224 | D:11     | Killed a skeletal warrior
 13225 | D:11     | Reached skill level 5 in Invocations
 13568 | D:11     | Reached *** piety under Cheibriados
 13575 | D:11     | Noticed a cyclops
 13801 | D:12     | Killed a cyclops
 14278 | D:11     | Found a staircase to the Lair.
 14460 | D:12     | Noticed a manticore
 14460 | D:12     | Noticed a boulder beetle
 14470 | D:12     | Killed a boulder beetle
 14525 | D:12     | Slain by a manticore

Illustrated notes

Levels and vault maps discovered:
D:1:      wander_arrival_desolate, layout_loops_corners, serial_bayou_ford_a
D:2:      layout_loops_corners, zin_purify, chequers_ecumenical_altar_island,
          chequers_garden, minmay_misc_feat_enclosed
D:3:      lemuel_upstairs_altar, layout_basic, nicolae_ru_path_of_blood
D:4:      layout_loops_ring, enter_ossuary_2, uniq_eustachio
D:5:      layout_loops_cross
D:6:      layout_loops_ring, nicolae_overflow_crystal_walls, serial_shops, shop
D:7:      layout_gridville, minmay_temple_entry_tees, serial_bayou_lake_a
D:8:      layout_loops_ring, overflow_temple_1_default, hangedman_decor_opposing
D:9:      layout_rooms, general_overflow_altar, serial_ice, serial_ice_a,
          serial_ice_d, serial_ice_n, serial_ice_b, serial_shops,
          kennysheep_little_box
D:10:     layout_irregular_city
D:11:     layout_loops_ring, due_lair_maze_entry_diamond
D:12:     layout_basic, serial_rivers, chequers_serial_rivers_micro_e,
          chequers_serial_rivers_micro_b, chequers_serial_rivers_micro_c,
          chequers_serial_rivers_small_b, minmay_guarded_unrand_resistance
Temple:   dpeg_five_rooms_temple

Skill      XL: |  1  2  3  4  5  6  7  8  9 10 11 |
---------------+----------------------------------+-----
Axes           | 3 4 5 7 8 |  8.6
Stealth        | 2 4 6 7 |  7.0
Fighting       | 4 5 6 7 8 |  8.7
Evocations     | 1 2 3 4 5 |  5.2
Dodging        | 4 6 7 8 |  8.0
Shields        | 4 6 7 |  7.9
Invocations    | 4 5 |  5.8
Conjurations   | 1 3 |  3.5

Action                   |  1- 3 |  4- 6 |  7- 9 | 10-12 || total
-------------------------+-------+-------+-------+-------++-------
Melee: War axe           |    67 |    84 |   270 |   314 ||   735
       Constrict         |    21 |    19 |    54 |    49 ||   143
       Tentacles         |    10 |    13 |    40 |    83 ||   146
 Cast: Magic Dart        |       |       |       |     1 ||     1
Invok: Bend Time         |       |       |       |     2 ||     2
Evoke: Wand              |       |       |     8 |     5 ||    13
  Use: Scroll            |     6 |     7 |     9 |     5 ||    27
       Potion            |       |     2 |     7 |     5 ||    14
 Stab: Sleeping          |    10 |    15 |    17 |    17 ||    59
       Invisible         |       |     1 |     9 |     1 ||    11
       Paralysed         |       |       |     7 |    14 ||    21
       Distracted        |       |       |     2 |     2 ||     4
Armor: Skin              |     2 |       |    49 |    19 ||    70
Dodge: Dodged            |    34 |    35 |   200 |   211 ||   480
Block: Kite shield       |    22 |    31 |   122 |   164 ||   339
